 Dungeon Crawl Stone Soup version 0.18.1-5-g4a78601 (webtiles) character file.

121 Goblin1989 the Chopper (level 4, -2/36 HPs)
             Began as a Demonspawn Gladiator on May 12, 2016.
             Slain by a river rat (5 damage)
             ... in a sewer.
             The game lasted 00:05:06 (2470 turns).

Goblin1989 the Chopper (Demonspawn Gladiator)       Turns: 2470, Time: 00:05:07

Health: -2/36      AC:  5    Str: 15 (16) XL:     4   Next: 76%
Magic:  4/4        EV: 11    Int:  6 (9)  God:
Gold:   89         SH:  0    Dex: 15 (18) Spells: 0 memorised, 3 levels left

rFire  . . .     SeeInvis +     a - +0 war axe
rCold  . . .     Gourm    .     p - +0 ring mail
rNeg   . . .     Faith    .     (no shield)
rPois  .         Spirit   .     (helmet restricted)
rElec  .         Dismiss  .     (no cloak)
rCorr  .         Reflect  .     (no gloves)
SustAt .         Harm     .     (no boots)
MR     .....                    (no amulet)
Stlth  ++........               (no ring)
                                (no ring)

@: not resistant to hostile enchantments, unstealthy
A: antennae 1, thin skeletal structure 2, see invisible, robust 1, subdued magic
1
a: no special abilities


You were in a sewer.
You were not hungry.

You visited 1 branch of the dungeon, and saw 3 of its levels.
You also visited: Sewer.

You collected 89 gold pieces.

Inventory:

Hand Weapons
 a - a +0 war axe (weapon)
Missiles
 d - 3 throwing nets (quivered) {=f, !d}
Armour
 p - a +0 ring mail (worn)
Scrolls
 c - a scroll of remove curse {unknown}
 e - a scroll of teleportation
 h - 3 scrolls of identify {unknown}
 k - a scroll of noise {unknown}
Potions
 b - a potion of mutation {!q}
 g - a potion of curing
Comestibles
 f - 2 bread rations
 i - 4 fruits
 m - a beef jerky
 o - a meat ration


   Skills:
 - Level 2.0 Fighting
 + Level 5.0 Axes
 - Level 1.7 Throwing
 - Level 2.6 Dodging


You had 3 spell levels left.
You didn't know any spells.

Dungeon Overview and Level Annotations

Branches:
Dungeon (3/15)

Altars:

Annotations:
D:3 ThereIsNoGod's ghost, amateur GrFi


Innate Abilities, Weirdness & Mutations

You have a pair of small antennae on your head.
You have a moderately thin skeletal structure (Dex +4, Stealth+).
You have supernaturally acute eyesight.
You are robust (+10% HP).
Your spells are a little easier to cast, but a little less powerful.


Message History

The river rat bites you but does no damage.
You hit the river rat but do no damage. The river rat bites you.
You take 6 damage, and have 15/36 hp.
You closely miss the river rat. The river rat barely misses you.
You hit the river rat. The river rat bites you.
The river rat closely misses you.
You take 4 damage, and have 11/36 hp.
Your unstable footing causes you to fumble your attack.
The river rat bites you but does no damage.
You closely miss the river rat. The river rat bites you.
You take 3 damage, and have 8/36 hp.
You hit the river rat. The river rat bites you.
You take 2 damage, and have 6/36 hp.
Your unstable footing causes you to fumble your attack.
The river rat misses you. The river rat completely misses you.
Your unstable footing causes you to fumble your attack.
The river rat bites you.
You take 3 damage, and have 3/36 hp.
You hit the river rat but do no damage. The river rat bites you.
You die...

##### ##≈≈.##
###.....# ≈≈...≈.#
#....≈# .≈ #.K.# #≈#
#r# ##≈# #@# ≈≈# #≈#
#≈# #≈# ##≈## ##≈##
# ##.≈≈## ##.≈≈##
#####..≈.≈####.....#
≈≈≈≈≈≈...≈≈≈≈≈.....#
#####≈..≈.####≈....#
# ##...## ##≈..##


You could see a river rat and a kobold.

Vanquished Creatures
  6 adders
  An ooze (Sewer)
  A dart slug (D:2)
  2 giant geckos (D:2)
  An orc (D:3)
  A ball python (Sewer)
  5 bats
  5 giant cockroaches
  8 goblins
  11 hobgoblins
  3 jackals (D:1)
  2 giant newts (D:1)
  3 kobolds (D:2)
  5 rats
54 creatures vanquished.

Notes
Turn   | Place    | Note
--------------------------------------------------------------
     0 | D:1      | Goblin1989 the Demonspawn Gladiator began the quest for the Orb.
     0 | D:1      | Reached XP level 1. HP: 16/16 MP: 1/1
   114 | D:1      | Reached skill level 3 in Axes
   181 | D:1      | Gained mutation: You have a somewhat thin skeletal structure (Dex +2, Stealth). [demonic ancestry]
   181 | D:1      | Reached XP level 2. HP: 22/22 MP: 2/2
   949 | D:2      | Gained mutation: You have a pair of small antennae on your head. [demonic ancestry]
   949 | D:2      | Reached XP level 3. HP: 27/27 MP: 3/3
   997 | D:2      | Reached skill level 4 in Axes
  1688 | D:2      | Gained mutation: You have a moderately thin skeletal structure (Dex +4, Stealth+). [demonic ancestry]
  1688 | D:2      | Reached XP level 4. HP: 33/33 MP: 4/4
  2125 | D:3      | Noticed ThereIsNoGod's ghost (amateur GrFi)
  2131 | D:3      | Gained mutation: Your spells are a little easier to cast, but a little less powerful. [potion of mutation]
  2131 | D:3      | Gained mutation: You are robust (+10% HP). [potion of mutation]
  2131 | D:3      | Gained mutation: You have supernaturally acute eyesight. [potion of mutation]
  2182 | D:3      | Found a glowing drain.
  2192 | Sewer    | Entered a sewer
  2444 | Sewer    | Reached skill level 5 in Axes
  2470 | Sewer    | Slain by a river rat

Skill      XL: |  1  2  3  4 |
---------------+-------------+-----
Axes           | 3 4 5 |  5.0
Fighting       | |  2.0
Throwing       | |  1.7
Dodging        | |  2.6

Action                   |  1- 3 |  4- 6 || total
-------------------------+-------+-------++-------
Melee: War axe           |   122 |    53 ||   175
Throw: Throwing net      |     3 |       ||     3
  Use: Potion            |       |     6 ||     6
       Scroll            |       |     2 ||     2
 Stab: Sleeping          |     2 |       ||     2
  Eat: Chunk             |     2 |     1 ||     3
       Meat ration       |       |     1 ||     1
Armor: Leather armour    |    17 |       ||    17
       Ring mail         |    33 |    15 ||    48
Dodge: Dodged            |    88 |    32 ||   120
